 Dungeon Crawl Stone Soup version 0.28.0-53-g5a82cb258f (webtiles) character file.

Game seed: 6603352165223426599

12100 4FPSwarrior the Destroyer (level 11, -6/90 (93) HPs)
             Began as a Demigod Conjurer on Aug 22, 2022.
             Mangled by a two-headed ogre
             ... wielding a +0 giant club
              (15 damage)
             ... on level 12 of the Dungeon on Aug 25, 2022.
             The game lasted 00:59:52 (18639 turns).

4FPSwarrior the Destroyer (Demigod Conjurer)       Turns: 18639, Time: 00:59:53

HP:   -6/90 (93)    AC:  8    Str: 12    XL:     11   Next: 32%
MP:   4/22          EV: 10    Int: 24    God:
Gold: 508           SH:  5    Dex: 16    Spells: 8/20 levels left

rFire   . . .      SeeInvis .   K - +0 falchion (holy)
rCold   . . .      Faith    .   g - +0 buckler
rNeg    . . .      Spirit   .   b - +0 ring mail
rPois   .          Reflect  .   q - +0 helmet
rElec   .          Harm     .   (no cloak)
rCorr   .          Rampage  .   i - +1 pair of gloves
Will    +....                   (no boots)
Stlth   +.........              c - amulet of the acrobat
HPRegen 0.25/turn               (no ring)
MPRegen 0.18/turn               (no ring)

@: lightly drained
A: high MP 1, forlorn, divine attributes
a: no special abilities


You were on level 12 of the Dungeon.
You visited 2 branches of the dungeon, and saw 13 of its levels.
You also visited: Sewer.

You collected 508 gold pieces.

Inventory:

Hand Weapons
 p - a +2 morningstar of protection
 D - the +8 arbalest of Durable Responsibility {flame, Str+2 Int+2 Dex+4}
   (You found it on level 5 of the Dungeon)

   Any ammunition fired from it burns those it strikes, dealing additional fire
   damage.
   Str:       It affects your strength (+2).
   Int:       It affects your intelligence (+2).
   Dex:       It affects your dexterity (+4).
 K - a +0 falchion of holy wrath (weapon)
 M - a +0 scimitar
Missiles
 t - a throwing net
Armour
 b - a +0 ring mail (worn)
 g - a +0 buckler (worn)
 i - a +1 pair of gloves (worn)
 q - a +0 helmet (worn)
Jewellery
 c - an amulet of the acrobat (around neck)
Wands
 a - a wand of flame (22)
 u - a wand of polymorph (5)
 G - a wand of digging (13)
 I - a wand of mindburst (9)
 J - a wand of iceblast (1)
Scrolls
 d - 2 scrolls of fog {unknown}
 e - a scroll of identify
 f - a scroll of teleportation
 h - a scroll of amnesia {unknown}
 j - 4 scrolls of immolation
 l - 2 scrolls of silence {unknown}
 m - a scroll of enchant weapon {unknown}
 y - a scroll of holy word {unknown}
 F - 2 scrolls of enchant armour {unknown}
 L - a scroll of torment {unknown}
Potions
 k - a potion of mutation {unknown}
 n - 5 potions of degeneration
 o - a potion of haste {unknown}
 s - 2 potions of berserk rage {unknown}
 w - a potion of magic
 x - a potion of cancellation {unknown}
 A - a potion of resistance
 B - a potion of heal wounds
 C - 2 potions of brilliance
 H - a potion of attraction {unknown}


   Skills:
 + Level 7.7 Fighting
 + Level 5.3 Long Blades
 - Level 1.7 Dodging
 - Level 1.7 Stealth
 - Level 4.0 Shields
 - Level 5.2 Spellcasting
 * Level 11.6 Conjurations
 + Level 5.6 Fire Magic


You had 8 spell levels left.
You knew the following spells:

 Your Spells              Type           Power      Damage    Failure   Level
a - Magic Dart            Conj           100%       1d8       1%          1
b - Searing Ray           Conj           100%       2d8       1%          2
c - Fulminant Prism       Conj/Hex       17%        3d11      24%         4
d - Fireball              Conj/Fire      23%        3d11      21%         5

Your spell library contained the following spells:

 Spells                   Type           Power      Damage    Failure   Level
 Shock                    Conj/Air       100%       1d9       2%          1
 Conjure Flame            Conj/Fire      47%        6-21      2%          3
 Dazzling Flash           Conj/Hex       68%        N/A       7%          3
 Sticky Flame             Conj/Fire      47%        2d6       8%          4
 Mephitic Cloud           Conj/Pois/Air  24%        N/A       16%         3
 Iskenderun's Mystic Bla  Conj/Tloc      34%        2d8       24%         4
 Animate Skeleton         Necr           12%        N/A       26%         1
 Apportation              Tloc           12%        N/A       26%         1
 Summon Small Mammal      Summ           24%        N/A       26%         1
 Ignite Poison            Fire/Tmut/Pois 15%        N/A       34%         3
 Gell's Gravitas          Tloc           6%         N/A       61%         3
 Summon Guardian Golem    Hex/Summ       6%         N/A       61%         3
 Swiftness                Air            6%         N/A       61%         3
 Teleport Other           Tloc           6%         N/A       61%         3
 Starburst                Conj/Fire      23%        6d8       75%         6
 Freezing Cloud           Conj/Ice/Air   12%        6-21      82%         5
 Orb of Destruction       Conj           29%        9d9       88%         7
 Airstrike                Air            3%         N/A       95%         4
 Dispersal                Tloc           3%         N/A       100%        6
 Spellforged Servitor     Conj/Summ      17%        N/A       100%        7
 Ignition                 Fire           16%        3d7       100%        8


Dungeon Overview and Level Annotations

Branches:
Dungeon (11/15)            Temple (0/1) D:6            Lair (1/6) D:10
    Orc (0/2) D:9           Sewer (visited)

Annotations:
D:4 1 runed translucent door, Crazy Yiuf
D:5 3 runed translucent doors, handumf's ghost, novice MiBe
D:11 1 exclusion


Innate Abilities, Weirdness & Mutations

You have an increased reservoir of magic. (+10% MP)
You shall have no god before yourself.
Your divine heritage dramatically boosts your attributes as you level up.


Message History

The searing ray hits the two-headed ogre!
The two-headed ogre is heavily wounded.
The searing ray misses the two-headed ogre.
The searing ray hits the two-headed ogre!
The two-headed ogre is heavily wounded.
You finish channelling your searing ray.
You block the two-headed ogre's attack. The two-headed ogre barely misses you.
Casting: Searing Ray (safe; 1% risk of failure)
Confirm with . or Enter, or press ? or * to list all spells.
Aiming: Searing Ray (safe; 1% risk of failure)
Press: ? - help, Shift-Dir - straight line, f/p - two-headed ogre
Aim: a two-headed ogre, wielding two +0 giant clubs (heavily wounded, 92% to hit)
The searing ray hits the two-headed ogre!
The two-headed ogre is severely wounded. (Press . to maintain the ray.)
The two-headed ogre hits you with a +0 giant club!!
The two-headed ogre hits you with a +0 giant club.
The searing ray hits the two-headed ogre.
The two-headed ogre is severely wounded.
The searing ray hits the two-headed ogre but does no damage.
The two-headed ogre is severely wounded.
The two-headed ogre hits you with a +0 giant club!
* * * LOW HITPOINT WARNING * * *
The two-headed ogre hits you with a +0 giant club!
* * * LOW HITPOINT WARNING * * *
The searing ray hits the two-headed ogre.
The two-headed ogre is almost dead.
You finish channelling your searing ray.
You block the two-headed ogre's attack.
The two-headed ogre completely misses you.
Casting: Searing Ray (safe; 1% risk of failure)
Confirm with . or Enter, or press ? or * to list all spells.
Aiming: Searing Ray (safe; 1% risk of failure)
Press: ? - help, Shift-Dir - straight line, f/p - two-headed ogre
Aim: a two-headed ogre, wielding two +0 giant clubs (almost dead, 92% to hit)
The searing ray hits the two-headed ogre.
The two-headed ogre is almost dead. (Press . to maintain the ray.)
The two-headed ogre hits you with a +0 giant club!
You die...

# #. ###.
....####
###
#...###@#
#.....O##
#..####.#
#..# ##
#...
....#
....##
.....#
#K.....


You could see a two-headed ogre.

Vanquished Creatures
  A two-headed ogre (D:8)
  Sonja (D:11)
  Pikel (D:9)
  A cyclops (D:11)
  Joseph (D:8)
  A black mamba (D:10)
  A gargoyle (D:10)
  A polar bear (Lair:1)
  A hornet (D:8)
  4 trolls
  3 shadows
  2 wraiths (D:10)
  Eustachio (D:4)
  14 yaks
  2 vampire mosquitoes
  Menkaure (D:6)
  An acid dragon (D:11)
  A water moccasin (Lair:1)
  4 sky beasts
  A hornet zombie (D:8)
  6 orc warriors (D:9)
  2 necrophages
  9 ogres
  5 centaurs
  A phantom (D:5)
  4 lemures (D:9)
  3 kobold brigands
  2 bullfrogs (D:8)
  3 gnoll sergeants
  4 scorpions
  2 hounds
  A centaur zombie (D:9)
  2 jellies
  A gnoll shaman (D:7)
  5 orc priests
  A bullfrog skeleton (D:7)
  Jessica (D:3)
  Terence (D:3)
  4 iguanas
  8 orc wizards
  A hound zombie (D:5)
  2 howler monkey zombies
  Robin (D:3)
  16 gnolls
  9 adders
  2 river rats (D:5)
  A white imp (D:6)
  2 ufetubi
  7 worms
  3 dart slugs
  34 orcs
  4 ball pythons
  14 endoplasms
  4 giant cockroaches
  20 goblins
  9 hobgoblins
  11 jackals
  4 quokkas
  7 bats
  6 frilled lizards
  41 kobolds
  A quokka skeleton (D:4)
  9 rats
316 creatures vanquished.

Vanquished Creatures (others)
  2 plants
2 creatures vanquished.

Grand Total: 318 creatures vanquished

Notes
Turn   | Place    | Note
-------+----------+-------------------------------------------
     0 | D:1      | 4FPSwarrior the Demigod Conjurer began the quest for the
                  | Orb.
     0 | D:1      | Reached XP level 1. HP: 14/14 MP: 5/5
   376 | D:1      | Reached XP level 2. HP: 22/22 MP: 2/7
   537 | D:1      | Reached skill level 4 in Conjurations
  1122 | D:1      | Learned a level 2 spell: Searing Ray
  1187 | D:2      | Reached skill level 1 in Fighting
  1200 | D:2      | Reached XP level 3. HP: 28/28 MP: 1/8
  2699 | D:3      | Noticed Jessica
  2702 | D:3      | Noticed Robin
  2986 | D:3      | Reached XP level 4. HP: 16/35 MP: 7/10
  3005 | D:3      | Reached skill level 1 in Shields
  3105 | D:3      | Killed Jessica
  3222 | D:3      | Learned a level 4 spell: Fulminant Prism
  3291 | D:3      | Saw a vision of the Swamp and the Snake Pit.
  3291 | D:3      | Noticed a naga mage
  3291 | D:3      | Noticed an alligator
  3291 | D:3      | Noticed a vampire mosquito
  3291 | D:3      | Noticed a vampire mosquito
  3291 | D:3      | Noticed a will-o-the-wisp
  3291 | D:3      | Noticed a vampire mosquito
  3291 | D:3      | Noticed a shock serpent
  3291 | D:3      | Noticed an anaconda
  3291 | D:3      | Noticed a vampire mosquito
  3292 | D:3      | Noticed a swamp drake
  3292 | D:3      | Noticed a naga sharpshooter
  3292 | D:3      | Noticed a swamp drake
  3292 | D:3      | Noticed a naga warrior
  3464 | D:3      | Noticed Terence
  3471 | D:3      | Killed Terence
  3472 | D:3      | Reached XP level 5. HP: 41/41 MP: 2/11
  3927 | D:3      | Killed Robin
  3928 | D:3      | Reached skill level 5 in Conjurations
  4313 | D:4      | Noticed Eustachio
  4322 | D:4      | Killed Eustachio
  4323 | D:4      | Reached XP level 6. HP: 46/49 MP: 2/13
  4682 | D:4      | Reached XP level 7. HP: 51/56 MP: 5/15
  4766 | D:4      | Reached skill level 6 in Conjurations
  5245 | D:4      | Found a runed translucent door.
  5246 | D:4      | Noticed Crazy Yiuf
  5747 | D:5      | Entered Level 5 of the Dungeon
  5834 | D:5      | Found a runed translucent gate.
  5835 | D:5      | Found a runed translucent gate.
  5843 | D:5      | Noticed a yak
  6099 | D:5      | Reached XP level 8. HP: 66/66 MP: 6/17
  6124 | D:5      | Found a glowing drain.
  6136 | Sewer    | Entered a sewer
  6747 | D:5      | Found a runed translucent gate.
  6835 | D:5      | Noticed handumf's ghost (novice MiBe)
  6867 | D:5      | Identified the +8 arbalest of Durable Responsibility
                  | {flame, Str+2 Int+2 Dex+4}
  7449 | D:6      | Found a staircase to the Ecumenical Temple.
  7491 | D:6      | Noticed Menkaure
  7496 | D:6      | Killed Menkaure
  7497 | D:6      | Reached skill level 7 in Conjurations
  8980 | D:7      | Reached skill level 8 in Conjurations
  9184 | D:7      | Reached skill level 5 in Fighting
  9184 | D:7      | Reached skill level 5 in Spellcasting
  9263 | D:7      | Learned a level 5 spell: Fireball
  9437 | D:7      | Reached XP level 9. HP: 74/74 MP: 15/20
  9568 | D:7      | Reached skill level 1 in Fire Magic
 10687 | D:8      | Noticed a two-headed ogre
 10738 | D:8      | Reached skill level 1 in Long Blades
 10914 | D:8      | Reached skill level 9 in Conjurations
 10961 | D:8      | Noticed Joseph
 12707 | D:8      | Killed Joseph
 12708 | D:8      | Reached XP level 10. HP: 7/83 MP: 17/21
 13162 | D:8      | Killed a two-headed ogre
 13163 | D:8      | Reached skill level 10 in Conjurations
 13552 | D:9      | Noticed Pikel
 13562 | D:9      | Killed Pikel
 13928 | D:9      | Found a staircase to the Orcish Mines.
 15566 | D:10     | Entered Level 10 of the Dungeon
 15643 | D:10     | Reached skill level 11 in Conjurations
 15888 | D:10     | Reached XP level 11. HP: 85/92 MP: 16/22
 15940 | D:10     | Reached skill level 5 in Fire Magic
 16113 | D:10     | Found a staircase to the Lair.
 17048 | Lair:1   | Entered Level 1 of the Lair of Beasts
 17060 | Lair:1   | Reached skill level 5 in Long Blades
 18130 | D:11     | Noticed Sonja
 18139 | D:11     | Killed Sonja
 18455 | D:11     | Noticed a boulder beetle
 18469 | D:11     | Noticed a centaur warrior
 18492 | D:11     | You fall into a shaft and drop 1 floor!
 18628 | D:12     | Noticed a two-headed ogre
 18639 | D:12     | Mangled by a two-headed ogre

Illustrated notes

Levels and vault maps discovered:
D:1:      minmay_arrival_glassed_features, layout_loops_ring, serial_rivers,
          chequers_serial_rivers_micro_b, chequers_serial_rivers_micro_c,
          chequers_serial_rivers_small_b, chequers_serial_rivers_micro_e
D:2:      layout_loops_cross, hellmonk_ecumenical_altar_lost_god,
          serial_co_window_serial, co_window_paths_a, co_window_paths_a,
          co_window_cross_1, co_window_paths_a, co_window_of_opportunity_a,
          co_window_paths_a, co_window_paths_b, co_window_of_opportunity_b,
          co_window_of_opportunity_b, co_window_broadway_a, co_window_corner_ca,
          co_window_unsneaky_path_c, co_window_paths_c, co_window_sun,
          glass_columns_a, glass_columns_b, glass_columns_a, glass_columns_b,
          serial_bayou_pond_e
D:3:      layout_basic, grunt_ashenzari_visionary
          [grunt_ashenzari_visionary_swamp, grunt_ashenzari_visionary_snake],
          amcnicky_mini_rare_corridor_liquid, grunt_ministairs_8, st_stairs_12,
          uniq_terence, uniq_jessica, uniq_robin
D:4:      minmay_inner_zag, layout_rooms, kennysheep_generic_room_8,
          uniq_crazy_yiuf_cottage, uniq_eustachio
D:5:      layout_basic, lightli_sewer_entry_pipes, gammafunk_ghost_split,
          kennysheep_nondescript
D:6:      layout_basic, minmay_temple_entry_from_below_a,
          hangedman_decor_diamond_cutter, minmay_misc_feat_enclosed,
          uniq_menkaure
D:7:      layout_rooms, cheibriados_altar_1
D:8:      layout_basic, uniq_joseph
D:9:      layout_stronghold, kennysheep_orc_monster_closet_entryway, uniq_pikel
D:10:     layout_stronghold, mainiacjoe_overflow_catwalk_spiral,
          lair_entry_dummy
D:11:     minmay_the_grid_square_5x5_4x4 [minmay_the_grid_square_5x5_trominoes,
          minmay_the_grid_square_5x5_z, minmay_the_grid_square_5x5_bracketed,
          minmay_the_grid_square_5x5_seven, minmay_the_grid_square_5x5_shrine1,
          minmay_the_grid_square_5x5_prize_snowflake,
          minmay_the_grid_square_5x5_prize_open,
          minmay_the_grid_square_5x5_misaligned,
          minmay_the_grid_square_5x5_minivault,
          minmay_the_grid_square_5x5_prize_junk,
          minmay_the_grid_square_5x5_prize_itemx,
          minmay_the_grid_square_5x5_plus, minmay_the_grid_square_5x5_v,
          minmay_the_grid_square_5x5_spiral, minmay_the_grid_square_5x5_dogpile,
          minmay_the_grid_square_5x5_doubleslash], layout_loops_ring, uniq_sonja
D:12:     lemuel_vampire_tower, layout_layer_cave, serial_shops,
          nicolae_take_the_stairs, uniq_fannar
Lair:1:   layout_hall_layers, enter_volcano_4

Skill      XL: |  1  2  3  4  5  6  7  8  9 10 11 |
---------------+----------------------------------+-----
Spellcasting   | 2 3 4 5 |  5.2
Conjurations   | 4 5 6 8 9 11 | 11.6
Fighting       | 1 2 3 5 6 7 |  7.7
Shields        | 1 2 3 4 |  4.0
Fire Magic     | 3 4 5 |  5.6
Long Blades    | 2 4 5 |  5.3
Dodging        | |  1.7
Stealth        | |  1.7

Action                   |  1- 3 |  4- 6 |  7- 9 | 10-12 || total
-------------------------+-------+-------+-------+-------++-------
Melee: Rapier            |    11 |     4 |       |       ||    15
       Falchion          |       |       |    51 |    19 ||    70
       Punch             |       |       |     1 |       ||     1
 Cast: Magic Dart        |    91 |    67 |   249 |   100 ||   507
       Searing Ray       |     3 |    11 |    81 |    71 ||   166
Evoke: Wand              |       |       |       |     3 ||     3
  Use: Potion            |       |     3 |     3 |     5 ||    11
       Scroll            |       |     2 |     4 |     7 ||    13
Armor: Ring mail         |    16 |    22 |    90 |    57 ||   185
       Skin              |       |     6 |       |       ||     6
Dodge: Dodged            |    18 |    17 |    88 |   100 ||   223
Block: Buckler           |       |       |    36 |    52 ||    88
